 Dungeon Crawl Stone Soup version 0.31-a0-233-g139696dc86 (webtiles) character file.

Game seed: 1709157417408390363

1389886 Pooter the Executioner (level 27, 142/237 HPs)
             Began as a Minotaur Berserker on July 8, 2023.
             Was an Elder of Trog.
             Escaped with the Orb
             ... and 3 runes on July 10, 2023!
             The game lasted 07:17:10 (120675 turns).

Pooter the Executioner (Minotaur Berserker)       Turns: 120675, Time: 07:17:11

Health: 142/237    AC: 46    Str: 31    XL:     27
Magic:  4/22       EV: 21    Int:  7    God:    Trog [****..]
Gold:   1073       SH:  0    Dex: 22    Spells: 26/26 levels left

rFire   + + +        a - +4 battleaxe (heavy)
rCold   + . .        (shield currently unavailable)
rNeg    . . .        S - +10 plate armour "Zanid" {rPois rF++ SInv}
rPois   +            (helmet restricted)
rElec   .            g - +4 dragonskin cloak
rCorr   .            v - +3 Mad Mage's Maulers {Infuse+∞ VampMP -Cast}
SInv    +            M - +2 pair of boots {Fly}
Will    ++++.        L - amulet of regeneration
Stlth   +            l - ring "Kanwymex" {Str+2 Dex+5 Slay+4}
HPRegen 2.39/turn    F - ring of the Sharing King {rF+ rC+ Int+3 Stlth+}
MPRegen 0.18/turn

%: no spellcasting, infuse magic (4 MP)
@: mighty, strong-willed (expiring), flying, regenerating (expiring), studying 2
skills
A: horns 2, retaliatory headbutt, frail 1, sense surroundings 1, subdued magic
1, MP-powered wands
0: Orb of Zot
}: 3/15 runes: decaying, silver, gossamer
a: Renounce Religion, Berserk, Trog's Hand, Brothers in Arms


You escaped.
You worshipped Trog.
Trog was greatly pleased with you.
You visited 12 branches of the dungeon, and saw 50 of its levels.
You visited 2 bazaars.
You visited 1 ziggurat, and saw 5 of its levels.
You also visited: Bailey and Ice Cave.

You collected 7219 gold pieces.
You spent 6146 gold pieces at shops.

Inventory:

Hand Weapons
 a - a +4 heavy battleaxe (weapon)
   (You bought it in a shop in a bazaar)
 b - a +5 arbalest of draining
   (You took it off an orc warrior on level 8 of the Dungeon)
 s - a +3 executioner's axe of flaming
   (Trog gifted it to you on level 3 of a ziggurat)
 B - a +2 dire flail of holy wrath
   (You subdued it on level 2 of the Elven Halls)
 O - a +4 antimagic battleaxe
   (Trog gifted it to you on level 3 of the Depths)
Missiles
 h - 26 boomerangs (quivered)
 C - 11 datura-tipped darts
 E - 8 curare-tipped darts
 U - 12 javelins
Armour
 g - the +4 dragonskin cloak (worn)
   (You took it off Tiamat on level 2 of the Realm of Zot)

   Avatar's Aegis: It grants the wearer a chance to resist fire, cold, poison,
   electricity, acid, and negative energy.
 r - a +2 hat
   (You found it on level 4 of the Spider Nest)
 v - the +3 Mad Mage's Maulers (worn) {Infuse+∞ VampMP -Cast}
   (You bought it in a shop in a bazaar)

   Infuse+∞: It empowers its wearer's blows with all of their magic.
   VampMP:    Blows struck in melee replenish the wearer's magic.
   -Cast:     It prevents spellcasting.
 M - a +2 pair of boots of flying (worn)
   (You bought it in a shop on level 14 of the Dungeon)
 S - the +10 plate armour "Zanid" (worn) {rPois rF++ SInv}
   (You bought it in a shop on level 2 of the Orcish Mines)

   rF:        It greatly protects you from fire.
   rPois:     It protects you from poison.
   SInv:      It lets you see invisible.
Jewellery
 l - the ring "Kanwymex" (left hand) {Str+2 Dex+5 Slay+4}
   (You bought it in a shop in a bazaar)

   [ring of slaying]

   Str:       It affects your strength (+2).
   Dex:       It affects your dexterity (+5).
   Slay:      It affects your accuracy & damage with ranged weapons and melee
   (+4).
 q - a ring of protection from fire
   (You found it on level 2 of the Swamp)
 F - the ring of the Sharing King (right hand) {rF+ rC+ Int+3 Stlth+}
   (You took it off a deep elf master archer on level 3 of the Elven Halls)

   [ring of protection from fire]

   Int:       It affects your intelligence (+3).
   rF:        It protects you from fire.
   rC:        It protects you from cold.
   Stlth:     It makes you more stealthy.
 G - the ring "Yntoiwn" {rElec Will- AC+4 Dex+5}
   (You took it off a deep elf demonologist on level 3 of the Elven Halls)

   [ring of protection]

   AC:        It affects your AC (+4).
   Dex:       It affects your dexterity (+5).
   rElec:     It insulates you from electricity.
   Will:      It decreases your willpower.
 L - an amulet of regeneration (around neck)
   (You acquired it on level 3 of the Elven Halls)
 N - a ring of positive energy
   (You found it on level 1 of the Lair of Beasts)
 P - a ring of poison resistance
   (You found it on level 2 of the Dungeon)
 Z - an amulet of reflection
   (You found it on level 4 of the Lair of Beasts)
Wands
 j - a wand of roots (28)
   (You found it on level 4 of the Swamp)
 u - a wand of paralysis (35)
   (You found it on level 4 of the Dungeon)
 x - a wand of acid (10)
   (You found it on level 4 of the Lair of Beasts)
 y - a wand of polymorph (11)
   (You found it on level 5 of the Dungeon)
 D - a wand of digging (38)
   (You found it on level 1 of the Swamp)
 Y - a wand of mindburst (94)
   (You found it on level 1 of the Lair of Beasts)
Scrolls
 c - 7 scrolls of poison
 f - a scroll of summoning
 k - 3 scrolls of blinking
 t - 11 scrolls of teleportation {@r4}
 w - 4 scrolls of noise {!r}
 H - 5 scrolls of silence
 Q - 2 scrolls of revelation
 V - 8 scrolls of fog
 X - 7 scrolls of fear
Potions
 d - 22 potions of curing {@q1}
 e - 3 potions of resistance
 i - 3 potions of enlightenment
 m - a potion of invisibility
 n - 12 potions of attraction {!q}
 o - a potion of haste {@q3}
 z - 14 potions of lignification {!q}
 J - 2 potions of heal wounds {@q2}
 K - 2 potions of mutation {!q}
 R - 5 potions of cancellation
 T - a potion of might
Miscellaneous
 p - a box of beasts
   (You found it on level 1 of the Spider Nest)
 A - a condenser vane
   (You found it on level 5 of the Lair of Beasts)
 I - the horn of Geryon
   (You took it off Geryon in the Vestibule of Hell)
 W - a phantom mirror
   (You found it on level 2 of the Lair of Beasts)


   Skills:
 + Level 24.7 Fighting
 + Level 25.1(25.2) Axes
 - Level 5.0(17.3) Polearms
 + Level 22.8 Ranged Weapons
 - Level 11.4 Throwing
 + Level 24.0 Armour
 + Level 18.4 Dodging
 + Level 16.5 Stealth
 + Level 15.7 Evocations


You had 26 spell levels left.
You didn't know any spells.
Your spell library was empty.

Dungeon Overview and Level Annotations

Branches:
Dungeon (15/15)            Temple (0/1) D:6            Lair (5/5) D:10
  Swamp (4/4) Lair:3       Spider (4/4) Lair:3        Slime (0/5) Lair:4
    Orc (2/2) D:10            Elf (3/3) Orc:2        Vaults (5/5) D:14
  Crypt (1/3) Vaults:2     Depths (4/4) D:15           Hell (visited)
    Dis (0/7) Hell            Geh (1/7) Hell            Coc (0/7) Hell
    Tar (0/7) Hell            Zot (5/5) Depths:4     Bailey (visited)
  IceCv (visited)

Altars:
Ashenzari
Elyvilon
Kikubaaqudgha
Makhleb
Nemelex Xobeh
Ru
Sif Muna
Trog
Uskayaw
Wu Jian
Yredelemnul
Zin
Jiyva

Shops:
D:14 [!(:*   D:15 (   Orc:2 :(*?   Vaults:4 =

Portals:
Hell: Depths:1 Depths:2 Depths:3 Depths:4
Abyss: Depths:1 Depths:3
Pandemonium: Depths:2

Annotations:
Elf:1 3 runed translucent doors, Onnujuk's ghost, veteran MiBe
Elf:2 3 runed translucent doors


Innate Abilities, Weirdness & Mutations

You have a pair of horns on your head.
You reflexively headbutt those who attack you in melee.
You are frail. (-10% HP)
You passively map a small area around you.
Your spells are a little easier to cast, but a little less powerful.
You expend magic power (3 MP) to strengthen your wands.


Message History

The daeva hits you with a +2 scimitar of holy wrath! x2
The daeva blocks your attack. x2; The daeva barely misses you.
The daeva completely misses you. The daeva blocks your attack.
The daeva hits you with a +2 scimitar of holy wrath!
The daeva misses you.
* * * LOW MAGIC WARNING * * *
You slice the daeva!! You headbutt the daeva!
You kill the daeva!
Trog accepts your kill.
The cherub unwields a +2 flail of flaming.
It stops flaming.
The cherub wields a +0 longbow.
The cherub shoots an arrow.
The arrow completely misses you.
The daeva calls down the wrath of the Shining One upon you.
The Shining One smites you!
The cherub unwields a +0 longbow.
The cherub wields a +2 flail of flaming.
It bursts into flame!
The cherub hits you but does no damage. The cherub completely misses you.
Items here: )) [[.
* * * LOW MAGIC WARNING * * *
You slice the cherub like a ripe choko!!!
The daeva calls down the wrath of the Shining One upon you.
The Shining One smites you! The cherub barely misses you.
You furiously retaliate!
You headbutt the cherub!
The cherub bites you but does no damage.
* * * LOW MAGIC WARNING * * *
You carve the cherub like a ham!!!
You kill the cherub!
Trog accepts your kill.
* * * LOW MAGIC WARNING * * *
You slash the daeva!
The daeva no longer looks unusually strong.
The daeva calls down the wrath of the Shining One upon you.
The Shining One smites you!
* * * LOW MAGIC WARNING * * *
You cut the daeva into ribbons!!! Your headbutt misses the daeva.
The daeva calls down the wrath of the Shining One upon you.
The Shining One smites you!
* * * LOW MAGIC WARNING * * *
You carve the daeva like a ham!!! The daeva blocks your attack.
You feel the effects of Trog's Hand fading.
The daeva calls down the wrath of the Shining One upon you.
The Shining One smites you!
* * * LOW MAGIC WARNING * * *
You carve the daeva like a ham!!!
You kill the daeva!
Trog accepts your kill.
Items here: ))) [[.
There is a staircase leading out of the dungeon here.
You have escaped!

#.##..##.#.#####
####'#####.....######
##PP#.#PP######.......
##P..#.#~~P## #######.
##P...#.#~~~P## ##
#PP...#)#~~~~P#
#P...Y#)#~~~~P#
#########.################
#.+......@......'.......).
#.#######.########.#######
#.#P~~~~#.#....P#...#
#.#P~~~~#.#...PP#.#.####
#.##P~~~#.#...P##......# #
#.###P~~#.#.PP##.......###
#.# ##PP#.#PP##........##.
#.# ####+####............
#.# #.###...........##


You could see a hellephant.

Vanquished Creatures
  A seraph (D:1)
  5 ancient liches
  6 dread liches
  Tiamat (Zot:2)
  Mara (Spider:3)
  10 orbs of fire
  Sojobo (Crypt:1)
  Vv (Zot:2)
  5 Killer Klowns (Zot:5)
  Saint Roka (Crypt:1)
  Bai Suzhen (Swamp:3)
  2 curse toes
  Geryon (Hell)
  5 caustic shrikes
  13 golden dragons
  the Enchantress (Depths:2)
  9 bone dragons
  4 Brimstone Fiends
  Arachne (Spider:1)
  6 doom hounds
  A Tzitzimitl (Zig:1)
  A hellephant (Zig:4)
  2 electric golems
  Rupert (D:12)
  Mlioglotl (Swamp:1)
  3 liches
  20 tentacled monstrosities
  3 deep elf blademasters
  26 Orb Guardians
  7 titans (Vaults:5)
  6 quicksilver dragons
  8 death cobs
  A searing wretch (Zig:3)
  2 deep elf master archers (Elf:3)
  3 sphinxes
  9 acid blobs (Zot:3)
  An Executioner (Zot:5)
  9 shadow dragons
  Agnes (Spider:2)
  Kirke (D:13)
  11 storm dragons
  7 tengu reavers
  7 thorn hunters
  Donald (Spider:1)
  7 draconian monks
  The ghost of promet the Blocker, an adept GnFi of Wu Jian (Swamp:2)
  7 fire giants
  2 daevas (D:1)
  3 draconian knights
  8 emperor scorpions
  6 balrugs
  3 iron dragons
  7 deep elf sorcerers
  14 frost giants
  5 ghost moths
  The ghost of Faecsedgh the Brawler, a journeyman TrBe of Trog (Spider:3)
  Aizul (Spider:1)
  3 draconian scorchers
  11 vault wardens
  Louise (Spider:1)
  2 ghouls (Crypt:1)
  2 draconian stormcallers (Zot:3)
  8 draconian shifters
  3 orc warlords
  A demonspawn corrupter (Zot:5)
  5 deep elf elementalists
  A cacodemon (Zot:5)
  A broodmother (Spider:3)
  A demonspawn blood saint (Zot:5)
  3 spriggan defenders (Depths:2)
  5 reapers
  12 very ugly things
  3 war gargoyles
  10 draconian annihilators
  A caustic shrike skeleton (Crypt:1)
  A quicksilver ooze (shapeshifter) (Vaults:5)
  2 formless jellyfish
  10 stone giants
  20 ironbound preservers
  5 ironbound thunderhulks
  5 putrid mouths (Depths:1)
  3 vampire knights
  A dire elephant (shapeshifter) (Vaults:5)
  9 green draconians
  4 eleionomae
  9 dire elephants (Vaults:1)
  10 deep elf demonologists
  7 deep elf annihilators
  10 black draconians
  4 bunyips
  12 purple draconians
  23 yellow draconians
  6 spark wasps
  13 white draconians
  12 red draconians
  2 eidola
  8 deep elf death magi
  12 ettins
  Josephine (Lair:5)
  A green death (Crypt:1)
  3 jiangshi (Depths:2)
  6 entropy weavers
  5 shambling mangroves
  10 fire dragons
  13 yaktaur captains
  5 rakshasas
  A hell beast (Zot:5)
  3 great orbs of eyes
  3 deep elf high priests
  2 spriggan zombies
  13 ironbound frosthearts
  An ice dragon (shapeshifter) (Crypt:1)
  2 peacekeepers
  The ghost of cowhearter the Carver, a journeyman DrMo of Hepliaklqana (D:12)
  6 boulder beetles
  2 ogre magi
  15 hydras
  3 jorogumos
  A caustic shrike simulacrum (IceCv)
  A radroach (Spider:1)
  33 vault guards
  6 spriggan air magi
  Erica (D:8)
  3 death knights
  8 ice dragons
  13 centaur warriors
  3 ghost crabs (Swamp:4)
  7 deep troll earth magi
  8 alligators
  A death scarab (Spider:2)
  18 two-headed ogres
  3 vampire magi
  14 dancing weapons
  2 deep troll shamans
  2 tengu warriors
  An alligator (shapeshifter) (Depths:3)
  A stoker (Geh:1)
  Urug (D:13)
  4 demonic crawlers
  4 orc high priests
  7 hell hogs
  3 spriggan berserkers
  13 sun demons
  11 deep elf knights
  A storm dragon zombie (Crypt:1)
  3 skysharks (Lair:3)
  3 hell knights
  8 iron trolls
  2 sun moths
  5 soul eaters
  4 shadow wraiths
  7 goliath frogs
  A sixfirhy (D:15)
  8 pharaoh ants
  A bunyip zombie (Swamp:2)
  A tengu zombie (Vaults:5)
  4 spriggan druids
  A cherub (D:1)
  3 flayed ghosts
  21 ironbound convokers
  3 spectral hydras (Swamp:4)
  20 skeletal warriors
  12 orb spiders
  2 shadow demons
  9 deep elf archers
  A glowing orange brain (Depths:3)
  A quicksilver dragon simulacrum (Vaults:5)
  4 swamp dragons
  A spriggan simulacrum (Hell)
  11 bog bodies
  54 deep trolls
  An orange crystal statue (IceCv)
  8 phantasmal warriors
  9 orc knights
  3 steelbarb worms
  17 lindwurms
  7 harpies
  10 necromancers
  7 orc sorcerers
  A shadow dragon zombie (Crypt:1)
  21 deep elf pyromancers
  18 deep elf zephyrmancers
  An iron dragon zombie (Crypt:1)
  A shadow dragon skeleton (Crypt:1)
  2 will-o-the-wisps (Swamp:3)
  13 wizards
  35 ugly things
  5 oklob plants
  A wolf spider (shapeshifter) (Vaults:5)
  A stone giant zombie (Crypt:1)
  25 wolf spiders
  2 cyclopes
  A faun (shapeshifter) (Vaults:5)
  2 manticores
  27 moths of wrath
  A fire giant zombie (Vaults:5)
  2 spectral centaurs (D:12)
  A naga zombie (Crypt:1)
  A salamander (Lair:1)
  Maurice (Orc:2)
  8 rust devils (Depths:1)
  3 stone giant skeletons
  25 vault sentinels
  2 naga magi (D:15)
  4 black mambas
  3 centaur zombies
  2 ice statues (D:15)
  Joseph (D:8)
  4 molten gargoyles
  9 elephants (Lair:5)
  2 orange demons (Zot:5)
  7 smoke demons
  A centaur skeleton (D:15)
  8 torpor snails
  5 cane toads
  A dire elephant skeleton (Crypt:1)
  A gargoyle (D:12)
  8 unseen horrors
  A hellion (Zig:4)
  A yaktaur zombie (Vaults:5)
  29 yaktaurs
  An alligator snapping turtle skeleton (Hell)
  A rime drake (Lair:5)
  5 swamp worm zombies (Swamp:4)
  10 komodo dragons
  4 tormentors
  A komodo dragon (shapeshifter) (Vaults:5)
  A redback zombie (Crypt:1)
  2 ice devils (Depths:1)
  8 hydra zombies
  10 freezing wraiths
  2 anaconda simulacra (IceCv)
  5 tengu conjurers (Depths:2)
  3 meliai (D:14)
  A harpy zombie (D:15)
  5 tyrant leeches
  3 bloated husks (Swamp:4)
  37 hornets
  3 polar bears
  4 trolls
  A harpy skeleton (Crypt:1)
  An ettin zombie (Vaults:4)
  17 tarantellas
  16 blink frogs
  11 dream sheep (Lair:3)
  39 jumping spiders
  2 spectral swamp dragons (Swamp:4)
  2 alligator zombies
  34 slime creatures
  4 flying skulls (Crypt:1)
  8 wraiths
  A dire elephant simulacrum (IceCv)
  An air elemental (Zig:5)
  25 culicivoras
  3 centaur simulacra
  A ynoxinul (Zot:3)
  29 spriggans
  3 shadows
  3 hogs (D:13)
  65 yaks
  A fire dragon skeleton (Crypt:1)
  7 wyverns
  7 basilisks
  2 fire elementals
  Grum (Lair:1)
  64 redbacks
  3 chaos spawn
  An alligator snapping turtle simulacrum (Crypt:1)
  A hog (shapeshifter) (D:14)
  2 steam dragons (Lair:5)
  16 vampire mosquitoes
  A redback (shapeshifter) (Depths:3)
  11 wargs
  A harpy simulacrum (IceCv)
  A redback simulacrum (D:12)
  17 swamp worms
  Edmund (D:5)
  16 water moccasins
  A hydra simulacrum (IceCv)
  Duvessa (D:5)
  3 hell hounds (Lair:5)
  A snapping turtle zombie (Crypt:1)
  4 swamp drakes
  4 large abominations
  21 orc warriors
  2 ice beasts
  4 ettin simulacra
  2 black bears (Lair:2)
  An alligator simulacrum (Swamp:2)
  A deep troll simulacrum (Vaults:4)
  2 swamp dragon zombies
  11 ogres
  22 wolves
  6 boggarts
  8 centaurs
  An elephant skeleton (Crypt:1)
  6 phantoms
  9 small abominations
  2 kobold brigands
  10 bullfrogs
  A glowing shapeshifter simulacrum (Vaults:5)
  5 earth elementals
  11 scorpions
  12 wights
  A hornet simulacrum (D:12)
  Dowan (D:5)
  A wyvern skeleton (Crypt:1)
  5 killer bees
  4 howler monkeys
  6 electric eels
  5 lava snakes (Lair:5)
  23 jellies (Zot:3)
  2 quasits (D:4)
  3 hounds (D:6)
  3 gnoll boudas
  19 orc priests
  4 iguanas
  A sleepcap (D:4)
  21 orc wizards
  A spectral swamp drake (Swamp:4)
  11 hell rats
  An ogre skeleton (Crypt:1)
  A howler monkey skeleton (Crypt:1)
  A swamp drake zombie (Swamp:4)
  38 gnolls
  4 adders
  5 white imps
  3 ufetubi (D:5)
  3 worms
  101 orcs
  A bat skeleton (Crypt:1)
  2 bat zombies (D:3)
  7 endoplasms
  10 giant cockroaches
  11 goblins
  7 hobgoblins
  4 jackals (D:1)
  2 quokkas
  8 ball pythons
  9 bats
  6 frilled lizards
  A hobgoblin skeleton (Crypt:1)
  14 kobolds
  An orc zombie (Crypt:1)
  8 rats
  2 rat zombies (D:3)
  A butterfly (D:7)
  2 fire vortices (Geh:1)
  A spectral weapon (Vaults:5)
2379 creatures vanquished.

Vanquished Creatures (collateral kills)
  A deep elf elementalist (Elf:3)
  A draconian annihilator (Zot:1)
  A green draconian (Zot:4)
  A black draconian (Zot:5)
  A hell knight (Depths:4)
  A deep elf archer (Elf:3)
  A deep elf zephyrmancer (Elf:3)
  A moth of wrath (Zot:5)
  A floating eye (shapeshifter) (Elf:3)
  An orc (D:8)
10 creatures vanquished.

Vanquished Creatures (others)
  2 deep elf elementalists (Elf:3)
  2 red draconians (Zot:5)
  A yaktaur captain (Vaults:2)
  An ogre mage (D:15)
  3 deep elf zephyrmancers (Elf:1)
  A swamp worm zombie (Swamp:4)
  2 bloated husks
  A spriggan (Swamp:3)
  A water elemental (Elf:1)
  A spectral swamp drake (Swamp:4)
  9 foxfires (Swamp:3)
24 creatures vanquished.

Grand Total: 2413 creatures vanquished

Notes
Turn   | Place    | Note
-------+----------+-------------------------------------------
     0 | D:1      | Pooter the Minotaur Berserker began the quest for the Orb.
     0 | D:1      | Reached XP level 1. HP: 19/19 MP: 0/0
    98 | D:1      | Reached XP level 2. HP: 23/27 MP: 1/1
    99 | D:1      | Reached skill level 4 in Axes
   182 | D:1      | Reached skill level 1 in Stealth
   247 | D:1      | Reached ** piety under Trog
   291 | D:1      | Reached XP level 3. HP: 33/33 MP: 2/2
   532 | D:1      | Reached skill level 1 in Polearms
  1100 | D:2      | Found a faded altar of an unknown god.
  1435 | D:2      | Reached XP level 4. HP: 40/40 MP: 3/3
  1642 | D:3      | Reached XP level 5. HP: 36/47 MP: 4/4
  1776 | D:3      | Reached *** piety under Trog
  1906 | D:3      | Identified the +1 robe of Hedging {rPois Dex+4}
  2556 | D:3      | Found an ancient bone altar of Kikubaaqudgha.
  2721 | D:4      | Reached XP level 6. HP: 55/55 MP: 5/5
  3060 | D:4      | Reached skill level 5 in Fighting
  3134 | D:4      | You fall into a shaft and drop 1 floor!
  3134 | D:5      | Entered Level 5 of the Dungeon
  3147 | D:5      | Found a glowing silver altar of Zin.
  3290 | D:5      | Noticed an orc warrior
  3310 | D:5      | Killed an orc warrior
  3325 | D:4      | Reached skill level 5 in Polearms
  3474 | D:4      | Reached XP level 7. HP: 61/61 MP: 6/6
  3561 | D:5      | Noticed Dowan
  3561 | D:5      | Noticed Duvessa
  3756 | D:5      | Killed Duvessa
  3757 | D:5      | Reached skill level 5 in Axes
  3765 | D:5      | Killed Dowan
  3931 | D:5      | Noticed Edmund
  3941 | D:5      | Killed Edmund
  3942 | D:5      | Reached skill level 5 in Stealth
  4148 | D:5      | Reached skill level 6 in Axes
  4148 | D:5      | Reached XP level 8. HP: 67/70 MP: 7/7
  4237 | D:5      | Found an ornate altar of the Wu Jian Council.
  4237 | D:5      | Found a white marble altar of Elyvilon.
  4449 | D:6      | Reached skill level 7 in Axes
  4449 | D:6      | Reached skill level 1 in Ranged Weapons
  4623 | D:6      | Found a bloodstained altar of Trog.
  4870 | D:6      | Found a staircase to the Ecumenical Temple.
  4894 | D:6      | Reached **** piety under Trog
  4934 | D:6      | Found a sparkling altar of Nemelex Xobeh.
  5251 | D:7      | Found a runed translucent door.
  5253 | D:7      | Found a runed translucent door.
  5401 | D:7      | Reached skill level 8 in Axes
  5500 | D:7      | Reached XP level 9. HP: 78/78 MP: 8/8
  6167 | D:8      | Reached skill level 9 in Axes
  6167 | D:8      | Reached skill level 5 in Ranged Weapons
  6254 | D:8      | Noticed Erica
  6279 | D:8      | Killed Erica
  6498 | D:8      | Found a basalt altar of Yredelemnul.
  6521 | D:8      | Noticed Joseph
  6528 | D:8      | Killed Joseph
  6529 | D:8      | Reached skill level 10 in Axes
  6817 | D:8      | Reached XP level 10. HP: 88/88 MP: 9/9
  7241 | D:8      | Found a shimmering blue altar of Sif Muna.
  7337 | D:9      | Noticed a two-headed ogre
  7340 | D:9      | Killed a two-headed ogre
  7469 | D:9      | Found a flagged portal.
  7478 | Bailey   | Entered a bailey
  8006 | Bailey   | Reached skill level 11 in Axes
  9006 | D:10     | Entered Level 10 of the Dungeon
  9012 | D:10     | Noticed a two-headed ogre
  9201 | D:10     | Killed a two-headed ogre
  9365 | D:10     | Reached skill level 12 in Axes
  9414 | D:10     | Found a burning altar of Makhleb.
  9894 | D:10     | Found a staircase to the Orcish Mines.
  9964 | D:10     | Found a hide-covered altar of Uskayaw.
  9993 | D:10     | Found a staircase to the Lair.
 10169 | D:10     | Found a broken altar of Ashenzari.
 10213 | D:10     | Found a sacrificial altar of Ru.
 10276 | Lair:1   | Entered Level 1 of the Lair of Beasts
 10298 | D:10     | Reached XP level 11. HP: 70/99 MP: 10/10
 10440 | Lair:1   | Reached skill level 1 in Evocations
 10717 | Lair:1   | Reached skill level 10 in Fighting
 10850 | Lair:1   | Reached skill level 10 in Ranged Weapons
 11361 | Lair:1   | Noticed Grum
 11370 | Lair:1   | Killed Grum
 11461 | Lair:1   | Reached skill level 13 in Axes
 13152 | Lair:2   | Reached skill level 14 in Axes
 13152 | Lair:2   | Reached XP level 12. HP: 105/108 MP: 11/11
 13625 | Lair:3   | Found a hole to the Spider Nest.
 14076 | Lair:3   | You fall into a shaft and drop 2 floors!
 14076 | Lair:5   | Entered Level 5 of the Lair of Beasts
 14076 | Lair:5   | Noticed an eight-headed hydra
 14081 | Lair:5   | Killed a six-headed hydra
 14199 | Lair:5   | Reached skill level 15 in Axes
 14868 | Lair:4   | Reached skill level 5 in Evocations
 15228 | Lair:4   | Identified the +4 long sword of Symmetry {heavy, rPois rC-
                  | Int+8}
 15499 | Lair:4   | Reached XP level 13. HP: 117/117 MP: 12/12
 15528 | Lair:4   | Found a viscous altar of Jiyva.
 15528 | Lair:4   | Found a staircase to the Slime Pits.
 15883 | Lair:3   | Reached skill level 16 in Axes
 16325 | Lair:3   | Found a staircase to the Swamp.
 17392 | Lair:5   | Noticed Josephine
 17399 | Lair:5   | Killed Josephine
 19639 | Lair:5   | Noticed a fire dragon
 19652 | Lair:5   | Found a large runed translucent door.
 19653 | Lair:5   | Found a large runed translucent door.
 19737 | Lair:5   | Identified the staff "Jealuwn" {Fragile Fly Will++ Earth}
 20022 | Lair:5   | Reached skill level 17 in Axes
 20579 | Lair:5   | Killed a fire dragon
 20793 | Orc:1    | Entered Level 1 of the Orcish Mines
 20877 | Orc:1    | Reached XP level 14. HP: 119/127 MP: 11/13
 21368 | Orc:1    | You fall into a shaft and drop 1 floor!
 21368 | Orc:2    | Entered Level 2 of the Orcish Mines
 21452 | Orc:2    | Noticed Maurice
 21461 | Orc:2    | Killed Maurice
 21474 | Orc:2    | Found a staircase to the Elven Halls.
 22286 | Orc:2    | Reached skill level 15 in Ranged Weapons
 29585 | Orc:2    | Found Qyreb's Magic Scroll Shop.
 29590 | Orc:2    | Found Askap's Weapon Shoppe.
 29594 | Orc:2    | Bought a scroll of identify for 22 gold pieces
 29594 | Orc:2    | Bought a scroll of fog for 44 gold pieces
 29594 | Orc:2    | Bought a scroll of silence for 104 gold pieces
 29594 | Orc:2    | Bought a scroll of identify for 22 gold pieces
 29599 | Orc:2    | Found Nafal's Book Shoppe.
 29601 | Orc:2    | Found Noluoh's Assorted Antiques.
 29610 | Orc:2    | Bought a potion of might for 144 gold pieces
 29610 | Orc:2    | Bought a warped plate armour for 1008 gold pieces
 29610 | Orc:2    | Identified the +10 plate armour "Zanid" {rPois rF++ SInv}
                  | (You bought it in a shop on level 2 of the Orcish Mines)
 31047 | D:11     | Reached skill level 18 in Axes
 31244 | D:12     | Noticed Rupert
 31245 | D:12     | Paralysed by Rupert for 2 turns
 31262 | D:12     | Killed Rupert
 31648 | D:12     | Found a runed translucent gate.
 31648 | D:12     | Found a runed translucent gate.
 31650 | D:12     | Found a runed translucent gate.
 31653 | D:12     | Noticed cowhearter's ghost (journeyman DrMo)
 31780 | D:12     | Reached XP level 15. HP: 137/137 MP: 14/14
 31893 | D:12     | Reached skill level 19 in Axes
 32118 | D:12     | Killed cowhearter's ghost
 32218 | D:13     | Noticed Kirke
 32233 | D:13     | Killed Kirke
 32307 | D:13     | Noticed Urug
 32315 | D:13     | Killed Urug
 33400 | D:14     | Found Boagago's Antique Armour Boutique.
 33403 | D:14     | Bought a pair of runed boots for 135 gold pieces
 33656 | D:14     | Reached XP level 16. HP: 146/146 MP: 15/15
 33710 | D:14     | Found Gemubb's Book Shoppe.
 33710 | D:14     | Found Siolaes's Weapon Shop.
 33723 | D:14     | Found Wevoj's Distillery.
 33731 | D:14     | Bought a potion of invisibility for 104 gold pieces
 33731 | D:14     | Bought a potion of heal wounds for 65 gold pieces
 33731 | D:14     | Bought a potion of cancellation for 104 gold pieces
 33783 | D:14     | Found a gate to the Vaults.
 34294 | D:14     | Found Lyptaadd's General Store.
 34339 | D:15     | Entered Level 15 of the Dungeon
 34339 | D:15     | Found Ihaycieng's Weapon Shop.
 34380 | D:15     | Identified the +1 ring mail of the Pink Corner {Str+2 Int-3
                  | Dex+3}
 34683 | D:15     | Found a frozen archway.
 34755 | IceCv    | Entered an ice cave
 34767 | IceCv    | Reached skill level 5 in Armour
 34910 | IceCv    | Found a transporter.
 34920 | IceCv    | Found a transporter.
 35071 | D:15     | Identified the +4 scale mail "Noirch" {Int+3 Dex+2}
 35506 | D:15     | Identified the +7 plate armour of Tulips {Str+2}
 36128 | D:15     | Found a staircase to the Depths.
 36437 | Swamp:1  | Entered Level 1 of the Swamp
 36645 | Swamp:1  | Reached skill level 15 in Fighting
 37104 | Swamp:1  | Noticed Mlioglotl
 37116 | Swamp:1  | Killed Mlioglotl
 38073 | Swamp:2  | Found a runed translucent gate.
 38073 | Swamp:2  | Found a runed translucent gate.
 38073 | Swamp:2  | Noticed promet's ghost (adept GnFi)
 38081 | Swamp:2  | Found a runed translucent gate.
 38113 | Swamp:2  | Noticed a thorn hunter
 38135 | Swamp:2  | Killed a thorn hunter
 38332 | Swamp:2  | Noticed a thorn hunter
 38333 | Swamp:2  | Reached XP level 17. HP: 146/156 MP: 16/16
 38893 | Swamp:2  | Reached skill level 10 in Evocations
 38968 | Swamp:2  | Identified the ring of Omel {AC+4 Int+4}
 39414 | Swamp:2  | Reached skill level 1 in Throwing
 39965 | Swamp:2  | Killed promet's ghost
 40005 | Swamp:2  | Identified the +9 scimitar "Backscratcher" {flame, rPois
                  | rC- Int+2}
 41782 | Swamp:3  | Reached skill level 10 in Armour
 42576 | Swamp:3  | Identified the +1 falchion "Zengipta" {heavy, rC+ rN+ rCorr
                  | Str+2}
 42898 | Swamp:4  | Entered Level 4 of the Swamp
 43140 | Swamp:4  | Noticed Bai Suzhen
 43156 | Swamp:3  | Killed Bai Suzhen
 45867 | Swamp:4  | Reached skill level 5 in Dodging
 46015 | Swamp:4  | Reached ***** piety under Trog
 46394 | Swamp:4  | Reached XP level 18. HP: 168/168 MP: 17/17
 48855 | Swamp:4  | Noticed a bone dragon
 48868 | Swamp:4  | Killed a bone dragon
 49027 | Swamp:4  | Got a decaying rune of Zot
 49283 | Spider:1 | Entered Level 1 of the Spider Nest
 50039 | Spider:1 | Gained mutation: Your muscles are strong. (Str +4, Int/Dex
                  | -1) [potion of mutation]
 50039 | Spider:1 | Gained mutation: You are frail. (-10% HP) [potion of
                  | mutation]
 50039 | Spider:1 | Gained mutation: You are agile. (Dex +4, Str/Int -1)
                  | [potion of mutation]
 50040 | Spider:1 | Lost mutation: You are frail. (-10% HP) [potion of
                  | mutation]
 50040 | Spider:1 | Lost mutation: You are agile. (Dex +4, Str/Int -1) [potion
                  | of mutation]
 50040 | Spider:1 | Gained mutation: You have sharp toenails. [potion of
                  | mutation]
 50040 | Spider:1 | Gained mutation: You are partially covered in iridescent
                  | scales. (AC +2) [potion of mutation]
 50450 | Spider:1 | Found the +7 sceptre of Torment {pain, torment}
 50618 | Spider:1 | Noticed Louise
 50634 | Spider:1 | Killed Louise
 51377 | Spider:2 | Noticed Aizul
 51391 | Spider:1 | Killed Aizul
 51431 | Spider:2 | Noticed Donald
 51444 | Spider:1 | Killed Donald
 51626 | Spider:2 | Reached skill level 5 in Throwing
 52908 | Spider:2 | Received a gift from Trog
 52936 | Spider:2 | Noticed Arachne
 53068 | Spider:1 | Killed Arachne
 54416 | Spider:2 | Identified the +11 trident "Qaethuv" {freeze, rN+}
 54421 | Spider:2 | Identified the +0 pair of boots of the Lute {Will++}
 54901 | Spider:3 | Noticed Agnes
 54997 | Spider:2 | Killed Agnes
 55208 | Spider:3 | Noticed Mara
 55250 | Spider:3 | Noticed Pooter's illusion
 55311 | Spider:3 | Killed Mara
 55399 | Spider:3 | Found a transporter.
 55402 | Spider:3 | Noticed Faecsedgh's ghost (journeyman TrBe)
 55426 | Spider:3 | Found a transporter.
 55652 | Spider:3 | Killed Faecsedgh's ghost
 55733 | Spider:3 | Identified the amulet "Bereud" {Faith Stlth+}
 55768 | Spider:4 | Entered Level 4 of the Spider Nest
 56161 | Spider:3 | Reached XP level 19. HP: 169/178 MP: 18/18
 62029 | Spider:4 | Received a gift from Trog
 62044 | Spider:4 | Reached skill level 15 in Armour
 62183 | Spider:4 | Got a gossamer rune of Zot
 62496 | Elf:1    | Entered Level 1 of the Elven Halls
 63318 | Elf:1    | Identified the amulet of Jurphap {Faith Int+7 Dex-4}
 64828 | Elf:1    | Found a runed translucent gate.
 64828 | Elf:1    | Found a runed translucent gate.
 64828 | Elf:1    | Found a runed translucent gate.
 64829 | Elf:1    | Noticed Onnujuk's ghost (veteran MiBe)
 65165 | Elf:3    | Entered Level 3 of the Elven Halls
 66996 | Elf:3    | Identified the ring "Okhuir" {Fire rElec Str+2 Int+2}
 67174 | Elf:3    | Identified the +1 chain mail of Tulips {rC+ rCorr Int+3}
 67233 | Elf:3    | Noticed a Brimstone Fiend
 67342 | Elf:3    | Identified the ring "Yntoiwn" {rElec Will- AC+4 Dex+5}
 67545 | Elf:3    | Reached skill level 10 in Stealth
 67628 | Elf:2    | Found a runed translucent gate.
 67629 | Elf:2    | Found a runed translucent gate.
 67629 | Elf:2    | Found a runed translucent gate.
 67899 | Elf:3    | Reached XP level 20. HP: 189/189 MP: 19/19
 68480 | Elf:3    | Reached skill level 10 in Dodging
 68644 | Elf:3    | Identified the +0 plate armour "Dokhoomm" {rF+ Will+ Dex+2}
 68644 | Elf:3    | Identified the ring of the Sharing King {rF+ rC+ Int+3
                  | Stlth+}
 70344 | Elf:3    | Identified the +0 war axe of Zeuk {vamp, rElec Str+6 Int-4
                  | SInv}
 70353 | Elf:3    | Identified a scroll of acquirement
 70364 | Elf:3    | Acquired an amulet of regeneration
 70741 | Elf:3    | Identified the +9 shortbow of Tyskus {flame, rN+}
 71453 | Vaults:1 | Entered Level 1 of the Vaults
 71466 | Vaults:1 | Identified the +7 hand axe of Deformation {heavy, rF- rN++
                  | rCorr Stlth+} (Trog gifted it to you on level 1 of the
                  | Vaults)
 71466 | Vaults:1 | Received a gift from Trog
 72390 | Vaults:1 | Reached skill level 20 in Axes
 72461 | Vaults:1 | Reached skill level 10 in Throwing
 74212 | Vaults:2 | Received a gift from Trog
 74369 | Vaults:2 | Found a staircase to the Crypt.
 74378 | Crypt:1  | Entered Level 1 of the Crypt
 74637 | Crypt:1  | Reached XP level 21. HP: 192/200 MP: 20/20
 74737 | Crypt:1  | Found a runed translucent gate.
 74737 | Crypt:1  | Found a runed translucent gate.
 74737 | Crypt:1  | Found a runed translucent gate.
 74743 | Crypt:1  | Noticed Sojobo
 74761 | Crypt:1  | Noticed Saint Roka
 75986 | Crypt:1  | Paralysed by an air elemental for 1 turns
 76000 | Crypt:1  | Killed Sojobo
 76300 | Crypt:1  | Killed Saint Roka
 76589 | Crypt:1  | Received a gift from Trog
 76639 | Crypt:1  | Acquired the +2 pair of boots "Peareuceoki" {Harm rElec}
 77611 | Vaults:3 | Received a gift from Trog
 77646 | Vaults:3 | Identified the +4 chain mail of the Jackalope {rF++}
 77876 | Vaults:3 | Reached ****** piety under Trog
 77890 | Vaults:3 | Received a gift from Trog
 78430 | Vaults:3 | Reached skill level 21 in Axes
 78598 | Vaults:3 | Paralysed by a sphinx for 2 turns
 78808 | Vaults:4 | Found a flickering gateway to a bazaar.
 78817 | Bazaar   | Entered a bazaar
 78834 | Bazaar   | Found Peceute's Antique Weapon Shoppe.
 78834 | Bazaar   | Found Zeadena's Antique Armour Emporium.
 78839 | Bazaar   | Bought a glowing battleaxe for 218 gold pieces
 78856 | Bazaar   | Found Holl's Armour Shoppe.
 78856 | Bazaar   | Found Sipti's Jewellery Emporium.
 78861 | Bazaar   | Bought the +3 Mad Mage's Maulers {Infuse+∞ VampMP -Cast}
                  | for 600 gold pieces
 78861 | Bazaar   | Found the +3 Mad Mage's Maulers {Infuse+∞ VampMP -Cast}
 78878 | Bazaar   | Bought the ring "Kanwymex" {Str+2 Dex+5 Slay+4} for 1395
                  | gold pieces
 78892 | Bazaar   | Found Lurir's Antique Armour Shoppe.
 79132 | Vaults:4 | Reached XP level 22. HP: 195/211 MP: 3/21
 79752 | Vaults:4 | Received a gift from Trog
 79943 | Vaults:4 | Found Udyxzymn's Jewellery Emporium.
 81121 | Depths:1 | Entered Level 1 of the Depths
 81527 | Depths:1 | Found a flickering gateway to a bazaar.
 81536 | Bazaar   | Entered a bazaar
 81536 | Bazaar   | Found Seg Rey's Antique Armour Shop.
 81589 | Bazaar   | Found Hoaguc's Antique Armour Shoppe.
 81600 | Bazaar   | Bought a runed hat for 238 gold pieces
 81619 | Bazaar   | Found Weh Ywnu's Magic Scroll Shop.
 81625 | Bazaar   | Bought a scroll of enchant weapon for 97 gold pieces
 81625 | Bazaar   | Bought a scroll of blinking for 97 gold pieces
 81626 | Bazaar   | Found Inlod Upo's Antique Weapon Shoppe.
 81632 | Bazaar   | Found Istrugitz's Assorted Antiques.
 81642 | Bazaar   | Bought 2 potions of curing for 132 gold pieces
 81694 | Depths:1 | Found a one-way gate to the infinite horrors of the Abyss.
 82352 | Depths:1 | Found a gateway to Hell.
 82439 | Hell     | Entered the Vestibule of Hell
 82439 | Hell     | Noticed Geryon
 82777 | Depths:1 | Received a gift from Trog
 85570 | Depths:2 | Noticed the Enchantress
 85575 | Depths:2 | Killed the Enchantress
 86080 | Depths:2 | Found a one-way gate leading to the halls of Pandemonium.
 86563 | Depths:2 | Found a shimmering blue altar of Sif Muna.
 86569 | Depths:2 | Reached XP level 23. HP: 220/220 MP: 22/22
 86585 | Depths:2 | Received a gift from Trog
 86836 | Depths:2 | Identified the +2 plate armour of Hopscotch {rCorr}
 86875 | Depths:2 | Noticed a dread lich
 86879 | Depths:2 | Noticed a dread lich
 86881 | Depths:2 | Killed a dread lich
 86884 | Depths:2 | Killed a dread lich
 87058 | Depths:2 | Noticed a caustic shrike
 87058 | Depths:2 | Noticed a caustic shrike
 87058 | Depths:2 | Noticed a caustic shrike
 87059 | Depths:2 | Noticed a caustic shrike
 87065 | Depths:2 | Killed a caustic shrike
 87066 | Depths:2 | Killed a caustic shrike
 87067 | Depths:2 | Killed a caustic shrike
 87071 | Depths:2 | Killed a caustic shrike
 87398 | Depths:2 | Reached skill level 22 in Axes
 87578 | Hell     | Killed Geryon
 87681 | Hell     | Found a gateway to the ashen valley of Gehenna.
 87885 | Hell     | Found a gateway to the Iron City of Dis.
 87941 | Hell     | Found a gateway to the freezing wastes of Cocytus.
 88027 | Hell     | Found a gateway to the decaying netherworld of Tartarus.
 88104 | Geh:1    | Entered Level 1 of Gehenna
 88510 | Depths:3 | Found a one-way gateway to a ziggurat.
 89031 | Depths:3 | You are sucked into a shaft and drop 1 floor!
 89031 | Depths:4 | Entered Level 4 of the Depths
 89144 | Depths:3 | Noticed a caustic shrike
 89149 | Depths:3 | Killed a caustic shrike
 89620 | Depths:3 | Received a gift from Trog
 90892 | Depths:4 | Found a gate to the Realm of Zot.
 91551 | Depths:4 | Found a shimmering blue altar of Sif Muna.
 91992 | Zig:1    | Entered Level 1 of a ziggurat
 92211 | Zig:2    | Entered Level 2 of a ziggurat
 92316 | Zig:3    | Entered Level 3 of a ziggurat
 92320 | Zig:3    | HP: 10/221 [??? (12)]
 92325 | Zig:3    | Received a gift from Trog
 92329 | Zig:3    | Reached XP level 24. HP: 55/231 MP: 8/22
 92466 | Zig:4    | Entered Level 4 of a ziggurat
 92627 | Zig:4    | Reached skill level 15 in Dodging
 92627 | Zig:4    | Reached XP level 25. HP: 238/238 MP: 22/22
 92635 | Zig:5    | Entered Level 5 of a ziggurat
 93529 | Vaults:5 | Entered Level 5 of the Vaults
 93743 | Vaults:5 | Noticed an ancient lich
 95396 | Vaults:5 | Received a gift from Trog
 95463 | Vaults:5 | Reached skill level 23 in Axes
 95698 | Vaults:5 | Noticed an ancient lich
 95706 | Vaults:5 | Killed an ancient lich
 96136 | Vaults:5 | Killed an ancient lich
 96954 | Vaults:5 | Identified the +3 battleaxe of the Arena {flame, rPois
                  | Dex+4}
 96995 | Vaults:5 | Identified the +5 long sword of Honour {flame, rC+ Str-4
                  | Int+4 Stlth-}
 99116 | Vaults:5 | Noticed an ancient lich
 99130 | Vaults:5 | Killed an ancient lich
100245 | Vaults:5 | Acquired a manual of Armour
100321 | Vaults:5 | Got a silver rune of Zot
100436 | Vaults:5 | Identified the +1 cloak of Gestures {rF+ Int+4}
100701 | Vaults:5 | Identified the staff of Contradiction {rPois rN+ Stlth-
                  | Necro Poison}
100779 | Vaults:5 | Noticed an ancient lich
100785 | Vaults:5 | Killed an ancient lich
100998 | Vaults:5 | Noticed a dread lich
101000 | Vaults:5 | Paralysed by a dread lich for 4 turns
101006 | Vaults:5 | Killed a dread lich
101007 | Vaults:5 | Reached XP level 26. HP: 249/249 MP: 8/22
101453 | Zot:1    | Entered Level 1 of the Realm of Zot
104179 | Zot:2    | Noticed Vv
104184 | Zot:2    | Killed Vv
105101 | Zot:2    | Reached skill level 15 in Stealth
105104 | Zot:2    | Found the +4 dragonskin cloak
105104 | Zot:2    | Noticed Tiamat
105119 | Zot:2    | Killed Tiamat
105419 | Zot:3    | Noticed an orb of fire
105531 | Zot:3    | Gained mutation: You have a pair of large horns on your
                  | head. [an orb of fire]
105533 | Zot:3    | Identified the +3 falchion of the Silent Majority {heavy,
                  | Str+3}
105542 | Zot:3    | Killed an orb of fire
105803 | Zot:3    | Identified the +3 short sword of Ru's Wrath {venom, rC+}
107159 | Zot:3    | Received a gift from Trog
108242 | Zot:3    | Reached skill level 24 in Axes
111161 | Zot:4    | Noticed an orb of fire
111164 | Zot:4    | Gained mutation: You are vulnerable to heat. (rF-) [an orb
                  | of fire]
111169 | Zot:4    | Gained mutation: You sometimes lose your temper in combat.
                  | [an orb of fire]
111177 | Zot:4    | Killed an orb of fire
111178 | Zot:4    | Reached XP level 27. HP: 260/260 MP: 1/22
111308 | Zot:3    | Lost mutation: You are vulnerable to heat. (rF-) [potion of
                  | mutation]
111308 | Zot:3    | Lost mutation: You sometimes lose your temper in combat.
                  | [potion of mutation]
111308 | Zot:3    | Gained mutation: You occasionally shout uncontrollably at
                  | your foes. [potion of mutation]
111308 | Zot:3    | Gained mutation: Your flesh is cold resistant. (rC+)
                  | [potion of mutation]
112606 | Zot:4    | Identified the +2 pair of boots of the Salmon {Harm Stlth+}
112986 | Zot:5    | Entered Level 5 of the Realm of Zot
113020 | Zot:5    | Noticed an orb of fire
113505 | Zot:5    | Reached skill level 15 in Evocations
114071 | Orc:2    | Bought a scroll of summoning for 342 gold pieces
114071 | Orc:2    | Bought a scroll of blinking for 270 gold pieces
114071 | Orc:2    | Bought a scroll of blinking for 270 gold pieces
114071 | Orc:2    | Bought a wand of mindburst (10) for 504 gold pieces
114210 | D:14     | Bought a wand of paralysis (2) for 62 gold pieces
114248 | D:14     | Bought a potion of cancellation for 104 gold pieces
114286 | D:14     | Bought a potion of enlightenment for 65 gold pieces
115258 | Zot:5    | Noticed an orb of fire
115379 | Zot:5    | Killed an orb of fire
115386 | Zot:5    | Noticed an orb of fire
115389 | Zot:5    | Gained mutation: Your magical capacity is low. (-10% MP)
                  | [an orb of fire]
115394 | Zot:5    | Gained mutation: You are agile. (Dex +4, Str/Int -1) [an
                  | orb of fire]
115395 | Zot:5    | Gained mutation: You passively map a small area around you.
                  | [an orb of fire]
115396 | Zot:5    | Killed an orb of fire
115537 | Zot:5    | Noticed an orb of fire
115544 | Zot:5    | Gained mutation: You occasionally lose the ability to drink
                  | potions when taking damage. [an orb of fire]
115549 | Zot:5    | Killed an orb of fire
115582 | Zot:5    | Lost mutation: You passively map a small area around you.
                  | [potion of mutation]
115582 | Zot:5    | Lost mutation: Your flesh is cold resistant. (rC+) [potion
                  | of mutation]
115582 | Zot:5    | Lost mutation: Your magical capacity is low. (-10% MP)
                  | [potion of mutation]
115582 | Zot:5    | Gained mutation: You are very agile. (Dex +8, Str/Int -2)
                  | [potion of mutation]
115582 | Zot:5    | Lost mutation: You occasionally shout uncontrollably at
                  | your foes. [potion of mutation]
115583 | Zot:5    | Lost mutation: You have a pair of large horns on your head.
                  | [potion of mutation]
115583 | Zot:5    | Lost mutation: You occasionally lose the ability to drink
                  | potions when taking damage. [potion of mutation]
115583 | Zot:5    | Lost mutation: You are partially covered in iridescent
                  | scales. (AC +2) [potion of mutation]
115583 | Zot:5    | Gained mutation: You have a pair of large horns on your
                  | head. [potion of mutation]
116236 | Zot:5    | Noticed an orb of fire
116389 | Zot:5    | Noticed a dread lich
116469 | Zot:5    | Gained mutation: You are frail. (-10% HP) [an orb of fire]
116479 | Zot:5    | Killed an orb of fire
116591 | Zot:5    | Noticed an orb of fire
116950 | Zot:5    | Killed a dread lich
117350 | Zot:5    | Noticed an orb of fire
117443 | Zot:5    | Noticed a dread lich
117451 | Zot:5    | Paralysed by a dread lich for 2 turns
117454 | Zot:5    | Killed a dread lich
117486 | Zot:5    | Noticed an orb of fire
117491 | Zot:5    | Gained mutation: You are very frail. (-20% HP) [an orb of
                  | fire]
117498 | Zot:5    | Killed an orb of fire
117768 | Zot:5    | Noticed an orb of fire
117776 | Zot:5    | Killed an orb of fire
118068 | Zot:5    | Gained mutation: Your magical capacity is low. (-10% MP)
                  | [an orb of fire]
118072 | Zot:5    | Killed an orb of fire
118373 | Zot:5    | Noticed an ancient lich
118391 | Zot:5    | Killed an ancient lich
118714 | Zot:5    | Gained mutation: You are vulnerable to heat. (rF-) [an orb
                  | of fire]
118723 | Zot:5    | Killed an orb of fire
118809 | Zot:5    | Lost mutation: You are vulnerable to heat. (rF-) [potion of
                  | mutation]
118809 | Zot:5    | Lost mutation: Your muscles are strong. (Str +4, Int/Dex
                  | -1) [potion of mutation]
118809 | Zot:5    | Lost mutation: You are very agile. (Dex +8, Str/Int -2)
                  | [potion of mutation]
118809 | Zot:5    | Gained mutation: Your spells are a little easier to cast,
                  | but a little less powerful. [potion of mutation]
118809 | Zot:5    | Gained mutation: You expend magic power (3 MP) to
                  | strengthen your wands. [potion of mutation]
118810 | Zot:5    | Lost mutation: You have a pair of large horns on your head.
                  | [potion of mutation]
118810 | Zot:5    | Lost mutation: You are agile. (Dex +4, Str/Int -1) [potion
                  | of mutation]
118810 | Zot:5    | Gained mutation: You occasionally lose the ability to drink
                  | potions when taking damage. [potion of mutation]
118810 | Zot:5    | Lost mutation: You are very frail. (-20% HP) [potion of
                  | mutation]
118811 | Zot:5    | Lost mutation: You occasionally lose the ability to drink
                  | potions when taking damage. [potion of mutation]
118811 | Zot:5    | Lost mutation: You have sharp toenails. [potion of
                  | mutation]
118811 | Zot:5    | Gained mutation: You passively map a small area around you.
                  | [potion of mutation]
118811 | Zot:5    | Lost mutation: Your magical capacity is low. (-10% MP)
                  | [potion of mutation]
118877 | Zot:5    | Noticed a dread lich
118888 | Zot:5    | Killed a dread lich
119624 | Zot:5    | Got the Orb of Zot
119660 | Zot:5    | Paralysed by accursed screaming for 2 turns
119688 | Zot:5    | Reached skill level 25 in Axes
119869 | Zot:4    | Noticed Jaeg the pandemonium lord
120188 | Depths:1 | Noticed Astek the pandemonium lord
120276 | D:15     | Noticed Odwent the pandemonium lord
120651 | D:1      | Noticed a seraph
120659 | D:1      | Killed a seraph
120675 | D:$      | Escaped with the Orb!

Illustrated notes

Levels and vault maps discovered:
D:1:      psy_arrival_terrarium, layout_rooms, minmay_pentomino_o4
D:2:      layout_basic, shapermc_ecumenical_altar_mp_urbaneastern
D:3:      layout_loops_ring, lemuel_zombie_altar_kikubaaqudgha
D:4:      layout_cave_pools
D:5:      layout_cave_pools, gammafunk_temple_overflow_statue, zin_academy,
          serial_demonic, serial_demonic_g, serial_demonic_d, serial_demonic_b,
          serial_demonic_f, serial_demonic_f, serial_demonic_g, uniq_duvessa,
          uniq_edmund
D:6:      layout_loops_ring, marbit_many_paths, lemuel_doored_altar,
          minmay_temple_entry_hall
D:7:      lemuel_insect_pit, layout_basic
D:8:      layout_loops_cross, yredelemnul_altar_generic, lemuel_crystal_altar,
          uniq_joseph, uniq_erica
D:9:      layout_gridville, enter_bailey_5
D:10:     layout_cave_pools, mainiacjoe_overflow_alcove_2,
          mainiacjoe_overflow_tiny_flanked,
          mainiacjoe_overflow_concentric_impassable, lemuel_round_altar,
          dpeg_oklobed_lair, erik_orc_3
D:11:     layout_irregular_city
D:12:     layout_big_octagon, gammafunk_ghost_necromancy,
          minmay_stone_trees_small, uniq_rupert
D:13:     layout_irregular_city, minivault_25, uniq_urug, uniq_kirke
D:14:     layout_irregular_city, david_vaults_4, small_statue_alley_a,
          serial_shops, kennysheep_mini_moat, shop, shop, shop, shop,
          small_statue_intersection
D:15:     grunt_enter_depths_magical_seal, layout_rooms,
          minmay_misc_feat_ornament, portal_ice_cave_entry_ice_statue_two,
          serial_shops, nicolae_square_shop, minivault_27
Lair:1:   layout_gridlike, uniq_grum
Lair:2:   layout_misc_corridors, nicolae_lair_grove_arrangements,
          gammafunk_lair_bear_cave, lemuel_fruit_fields
Lair:3:   layout_gridlike, nicolae_swamp_entry_splash_gauntlet,
          nicolae_spider_entry_orb_guardian, grunt_megastairs_3
Lair:4:   layout_hall_layers, dpeg_slime_entry_enclosed, grunt_megastairs_1,
          serial_bayou_shore_b, serial_bayou_shore_b, serial_bayou_shore_a
Lair:5:   cheibrodos_lair_end_hotspot, layout_gridlike, lemuel_fruit_fields,
          uniq_josephine
Swamp:1:  layout_basic_swamp, nicolae_swamp_little_swirl,
          nicolae_swamp_well_well_well, uniq_mlioglotl
Swamp:2:  nicolae_swamp_phyte_club, layout_falls_marsh,
          gammafunk_ghost_hydra_chop, evilmike_swamp_ruin_house_5, swamp_pool5,
          nicolae_swamp_round_clearing, nicolae_swamp_necromancer_hut
Swamp:3:  nicolae_swamp_secret_spriggan_hideout, layout_basic_swamp,
          evilmike_swamp_ruin_house_3
Swamp:4:  swamp_pestilence, layout_basic_swamp, infiniplex_staircase_pool,
          uniq_bai_suzhen
Spider:1: layout_spider_delve, uniq_louise
Spider:2: layout_spider_delve, nicolae_spider_scorpion_nest, uniq_aizul,
          uniq_donald, uniq_arachne
Spider:3: layout_spider_delve, gammafunk_ghost_berserking_beasts, uniq_agnes,
          uniq_mara
Spider:4: spider_rune_water, drop_trap, nicolae_spider_cling_ruins
Orc:1:    layout_caves, nicolae_orc_bridge_out, lightli_orcish_oven
Orc:2:    st_orc_elflike, layout_caves, uniq_maurice
Elf:1:    layout_loops_cross, gammafunk_ghost_tricky_traps,
          hangedman_corner_corridor
Elf:2:    nicolae_elf_blades_crystal_corner, layout_rooms
Elf:3:    grunt_elf_hall_branching, layout_geoelf_grid, drop_trap,
          roderic_lattice_octagonal_star
Vaults:1: nicolae_vaults_halls_meeting, vaults_room_octagon,
          hangedman_vaults_stream, hangedman_vaults_locks,
          nicolae_vaults_network_s, v_rooms_2, nicolae_vaults_circle_grid_a,
          ontoclasm_vaults_gateway, nicolae_vaults_sesquioval_fish,
          nicolae_vaults_two_Ls, nicolae_vaults_double_plus_2,
          nicolae_vaults_tetromino_Z_2, nicolae_vaults_layer_cake_slice,
          ontoclasm_vaults_twist, vaults_dpeg_ring, vaults_dpeg_emergency_exit,
          v_misc_1, layout_vaults_maze_snakey
Vaults:2: nicolae_vaults_stairing_the_circle, nicolae_vaults_network_periphery,
          blue_anna_dwarven_crypt, dpeg_vaults_monster_box,
          nicolae_vaults_network_star, nicolae_vaults_rhombus_7,
          hangedman_vaults_stitches, vaults_room_grid, hangedman_vaults_hat,
          vaults_dpeg_hooks, layout_vaults_omnibox
Vaults:3: nicolae_vaults_triangles, nicolae_vaults_apartment_2,
          vaults_room_door_hall, nicolae_vaults_offset_grid_hallway_3,
          nicolae_vaults_diamond_1, vaults_mumra_hex, vaults_dpeg_diagonal,
          nicolae_vaults_apartment_1, nicolae_vaults_storage_room_water,
          nicolae_vaults_doubleplus_tesselated, ontoclasm_vaults_loading_screen,
          vaults_room_guarded_vault, layout_vaults_omnicross
Vaults:4: v_misc_19, v_rooms_6, vaults_mumra_minichess_inversion,
          vaults_mumra_hexcomb, v_pattern_2, nicolae_vaults_tetromino_Z_2,
          v_misc_17, vaults_room_fours, nicolae_vaults_surprise_closet,
          nicolae_vaults_double_plus_1, layout_vaults_omnigrid, serial_shops,
          bzr_entry_water, shop
Vaults:5
Crypt:1:  layout_catacombs, grunt_ministairs_10, st_stairs_6, pandoras_box_mu,
          uniq_sojobo, uniq_saint_roka
Depths:1: layout_roguey, hangedman_geh_valley,
          nicolae_abyss_entry_one_way_or_another, serial_shops, bzr_entry_dummy,
          due_unseen_surprise, infiniplex_staircase_pool_lava
Depths:2: evilmike_library_of_no_secrets, layout_gridville, hell_entry,
          pan_entry, serial_bayou_pond_d, uniq_enchantress
Depths:3: hangedman_arrow_trap, layout_gridlike, enter_ziggurat_b,
          roderic_roman_lattice, hell_entry, minmay_room_of_horrors,
          patterned_corridor
Depths:4: grunt_zot_entry_bicorn, layout_cave_shapes, minmay_misc_feat_hallway,
          hell_entry, tgw_sif
Hell
Geh:1:    layout_gehenna_pools_triple, hangedman_elemental_grid_stream
Zot:1:    layout_cathedral_of_symmetry
Zot:2:    layout_concentric_octagons, uniq_vv, uniq_tiamat
Zot:3:    lemuel_acid_trip, layout_onion_interference
Zot:4:    layout_basic
Zot:5:    layout_misc_corridors, nrook_zot_tub

Skill      XL: |  1  2  3  4  5  6  7  8  9 10 11 12 13 14 15 16 17 18 19 20 21 22 23 24 25 26 27 |
---------------+----------------------------------------------------------------------------------+-----
Axes           | 4 6 8 10 12 14 15 17 18 19 20 21 22 23 24 25 | 25.1
Stealth        | 1 2 3 4 5 7 8 10 11 12 13 14 15 16 | 16.5
Fighting       | 4 5 6 7 8 9 10 11 12 13 14 15 16 17 18 19 20 21 22 23 24 | 24.7
Polearms       | 1 2 3 5 |  5.0
Ranged Weapons | 3 6 9 11 13 14 16 18 19 20 21 22 | 22.8
Evocations     | 3 5 6 7 9 10 11 12 13 14 15 | 15.7
Armour         | 3 8 11 14 15 16 17 18 19 20 22 24 | 24.0
Throwing       | 4 6 9 10 11 | 11.4
Dodging        | 5 7 9 11 12 13 14 15 16 17 18 | 18.4

Action                     |  1- 3 |  4- 6 |  7- 9 | 10-12 | 13-15 | 16-18 | 19-21 | 22-24 | 25-27 || total
---------------------------+-------+-------+-------+-------+-------+-------+-------+-------+-------++-------
  Melee: Hand axe          |     6 |       |       |       |       |       |       |       |       ||     6
         Trident           |   100 |   131 |    57 |       |       |       |       |       |       ||   288
         Headbutt          |     9 |    19 |    33 |    58 |   106 |   230 |   247 |    94 |   117 ||   913
         Punch             |     1 |     2 |       |     1 |     1 |       |       |       |       ||     5
         War axe           |       |       |   139 |     1 |       |       |       |       |       ||   140
         Flail             |       |       |     5 |       |       |       |       |       |       ||     5
         Battleaxe         |       |       |       |   358 |   418 |   916 |   873 |   389 |   473 ||  3427
         Scimitar          |       |       |       |     2 |       |       |       |       |       ||     2
         Eveningstar       |       |       |       |       |     8 |       |       |       |       ||     8
         Great mace        |       |       |       |       |    31 |    24 |       |       |       ||    55
   Fire: Shortbow          |       |       |    29 |       |       |       |       |       |       ||    29
         Arbalest          |       |       |    12 |   165 |   378 |   543 |   501 |   191 |   783 ||  2573
  Throw: Boomerang         |     7 |    17 |    11 |     1 |       |     9 |     2 |    12 |    46 ||   105
         Dart              |       |       |     5 |       |       |       |       |       |     3 ||     8
         Throwing net      |       |       |     2 |       |       |       |       |       |       ||     2
 Invoke: Berserk           |     1 |     5 |     9 |    13 |    18 |    26 |    11 |    15 |     7 ||   105
         Trog's Hand       |       |     1 |     3 |    21 |    29 |    33 |    29 |    21 |    35 ||   172
         Brothers in Arms  |       |       |       |       |       |     2 |     1 |     1 |       ||     4
  Evoke: Wand              |       |     4 |     1 |     2 |    12 |     4 |     6 |     3 |    11 ||    43
         Condenser vane    |       |       |       |       |     1 |     2 |     2 |     1 |     2 ||     8
         Horn of Geryon    |       |       |       |       |       |       |       |       |     1 ||     1
         Box of beasts     |       |       |       |       |       |       |       |       |     2 ||     2
         Phantom mirror    |       |       |       |       |       |       |       |       |     1 ||     1
    Use: Scroll            |       |     6 |     5 |    17 |    11 |     9 |    11 |     2 |    14 ||    75
         Potion            |       |       |       |       |     5 |    15 |     8 |    10 |    18 ||    56
   Stab: Sleeping          |     6 |     4 |       |       |       |       |     2 |     2 |       ||    14
         Distracted        |     1 |       |       |       |       |       |       |       |     7 ||     8
         Paralysed         |       |     6 |       |       |     9 |       |       |       |       ||    15
         Held in net/web   |       |       |     2 |       |       |       |       |       |     1 ||     3
         Invisible         |       |       |       |       |     4 |    22 |       |       |       ||    26
 Armour: Animal skin       |    23 |     6 |       |       |       |       |       |       |       ||    29
         Robe              |       |    22 |     5 |       |       |       |       |       |       ||    27
         Plate armour      |       |       |   207 |   301 |   460 |   899 |   694 |   392 |   453 ||  3406
  Dodge: Dodged            |    59 |   104 |   135 |   170 |   173 |   538 |   554 |   440 |   634 ||  2807
  Block: Other             |       |       |       |       |    17 |   282 |   219 |    33 |       ||   551
         Reflection        |       |       |       |       |       |       |    24 |     1 |       ||    25

Table legend: (Time is in decaauts)
 A = Elapsed time spent in this place.
 B = Non-inter-level travel time spent in this place.
 C = Inter-level travel time spent in this place.
 D = Time resting spent in this place.
 E = Time spent auto-exploring this place.
 F = Levels seen in this place.
 G = Mean time per level.
                   A        B        C        D        E       F      G
               +--------+--------+--------+--------+--------+-----+--------+
         Total | 121751 | 116554 |   5197 |  68430 |  31930 |  59 | 2063.6 |
       Dungeon |  17906 |  16364 |   1542 |   5297 |   7924 |  15 | 1193.7 |
          Lair |  10749 |  10318 |    431 |   4903 |   3581 |   5 | 2149.8 |
         Swamp |  12857 |  12684 |    173 |   8869 |   2437 |   4 | 3214.2 |
   Spider Nest |  13120 |  12766 |    354 |   8917 |   2373 |   4 | 3280.0 |
  Orcish Mines |   9207 |   8947 |    260 |   7029 |   1101 |   2 | 4603.5 |
   Elven Halls |   8633 |   8477 |    156 |   6099 |    855 |   3 | 2877.7 |
        Vaults |  15269 |  14401 |    868 |   7611 |   5038 |   5 | 3053.8 |
         Crypt |   2193 |   2154 |     39 |   1041 |    793 |   1 | 2193.0 |
        Depths |  11132 |  10223 |    909 |   4224 |   4747 |   4 | 2783.0 |
          Hell |    786 |    759 |     27 |    265 |    386 |   1 |  786.0 |
       Gehenna |     31 |     31 |      0 |      0 |      0 |   1 |   31.0 |
           Zot |  17707 |  17272 |    435 |  13024 |   2148 |   5 | 3541.4 |
      Ziggurat |    783 |    783 |      0 |    469 |    196 |   5 |  156.6 |
        Bazaar |    295 |    295 |      0 |      0 |    173 |   2 |  147.5 |
        Bailey |    785 |    785 |      0 |    492 |    122 |   1 |  785.0 |
      Ice Cave |    290 |    290 |      0 |    185 |     54 |   1 |  290.0 |
               +--------+--------+--------+--------+--------+-----+--------+

Top non-repeatable levels by time:
   Orc:2: 7890 daAuts
Vaults:5: 7145 daAuts
   Zot:5: 5846 daAuts
   Elf:3: 5576 daAuts
Spider:4: 5338 daAuts
 Swamp:4: 5193 daAuts
   Zot:3: 5019 daAuts
Depths:1: 3830 daAuts
 Swamp:3: 3809 daAuts
  Lair:5: 3795 daAuts
Spider:2: 3396 daAuts
Depths:2: 3209 daAuts
 Swamp:2: 2814 daAuts
   Zot:2: 2708 daAuts
Spider:1: 2674 daAuts
